Unix NetHack Version 3.7.0-97 Work-in-progress - last build Feb 8 2024 15:05:57 (6d6cdf8371b60126770a3d7b88910941cb14a054,branch:master). Game began 2024-02-13 08:46:56, ended 2024-02-13 21:49:08. nurdglaw, chaotic female human Rogue ... .<.. .).. .... ...>. ..f@. ..)GG ...... ....`. ...... --..-- ---- Nurdglaw the Rogue St:15 Dx:18 Co:17 In:9 Wi:9 Ch:8 Chaotic S:2013 Dlvl:4 $:17 HP:0(47) Pw:25(25) AC:6 Xp:6/377 T:5453 Burdened Latest messages: You are almost hit by an arrow. You have a little trouble lifting an arrow. Continue? [ynq] (q) y You have a little trouble lifting S - an arrow (8 in total). Your movements are slowed slightly because of your load. You are hit by a dagger. An arrow misses you. You have a little trouble lifting S - an arrow (9 in total). You learn more about your items by comparing them. Z - an uncursed +0 dagger (at the ready) (4 in total). You are almost hit by an arrow. The gnome misses! The dwarf hits! The gnome picks up an arrow. The dwarf misses! You hear some noises in the distance. The gnome hits! You have a little trouble lifting Z - an uncursed +0 dagger (at the ready) (5 in total). The gnome hits! The gnome hits! The gnome hits! What do you want to write with? [- abmquxFIPSUW-Z or ?*] - You write in the dust with your fingertip. What do you want to write in the dust here? Elbereth The gnome lord turns to flee. You hear a chugging sound. In what direction? b You kill the gnome! You hear some noises in the distance. You have a little trouble lifting Z - an uncursed +0 dagger (at the ready) (5 in total). You see here 2 sprigs of wolfsbane. You have a little trouble lifting i - 2 sprigs of wolfsbane. You are almost hit by a dart. The gnome lord just misses! The gnome lord hits! The housecat misses the gnome lord. The housecat bites the gnome lord. The gnome lord hits the housecat. The gnome lord hits! The gnome lord hits! What do you want to write with? [- abmquxFIPSUW-Z or ?*] - You write in the dust with your fingertip. What do you want to write in the dust here? Elbereth The housecat misses the gnome lord. The gnome lord hits! You die... Do you want your possessions identified? [ynq] (y) y Do you want to see your attributes? [ynq] (y) y Do you want an account of creatures vanquished? [ynaq] (y) y Do you want to see your conduct and achievements? [ynq] (y) y Do you want to see the dungeon overview? [ynq] (y) y Inventory: Coins $ - 17 gold pieces Amulets s - an uncursed amulet of life saving named not cursed M - an uncursed amulet versus poison named not cursed Weapons S - 9 uncursed +0 arrows W - 13 uncursed +0 crossbow bolts b - an uncursed +0 dagger (weapon in right hand) Z - 5 uncursed +0 daggers (at the ready) a - an uncursed +0 short sword (alternate weapon; not wielded) Armor e - an uncursed +0 pair of leather gloves (being worn) c - an uncursed +1 leather armor (being worn) Comestibles O - 2 uncursed slime molds N - an uncursed carrot A - 3 uncursed food rations V - 2 uncursed fortune cookies i - 2 uncursed sprigs of wolfsbane Scrolls d - 2 uncursed scrolls of earth j - an uncursed scroll of enchant armor Q - an uncursed scroll of enchant weapon v - a cursed scroll of remove curse H - an uncursed scroll of teleportation Spellbooks R - an uncursed spellbook of clairvoyance Potions D - an uncursed potion of booze p - an uncursed potion of enlightenment z - an uncursed potion of extra healing C - an uncursed potion of levitation E - an uncursed potion of restore ability l - a blessed potion of speed Rings F - an uncursed +1 ring of gain strength U - an uncursed ring of sustain ability P - an uncursed ring of teleport control (on left hand) q - a cursed ring of teleportation Wands x - an uncursed wand of locking (0:5) X - an uncursed wand of magic missile (0:5) Y - an uncursed wand of probing (0:5) m - an uncursed wand of speed monster named speed monster (0:5) u - an uncursed wand of undead turning (0:5) Tools h - an uncursed sack containing 15 items t - a cursed bag of tricks (0:18) f - an uncursed brass lantern L - an uncursed leash named not cursed k - an uncursed lock pick G - an uncursed tin whistle Gems/Stones I - an uncursed worthless piece of blue glass Contents of the sack: 138 gold pieces a blessed scroll of blank paper an uncursed scroll of blank paper a cursed scroll of destroy armor an uncursed scroll of identify a blessed scroll of light an uncursed scroll of light an uncursed scroll of scare monster 2 uncursed potions of invisibility an uncursed potion of sickness a potion of holy water named holy water 2 potions of unholy water named unholy water a cursed opal an uncursed worthless piece of violet glass a cursed worthless piece of yellowish brown glass Nurdglaw the Rogue's attributes: Background: You were a Rogue, level 6 female human. You were chaotic, on a mission for Kos who was opposed by Issek (lawful) and Mog (neutral). You were right-handed. You were in the Gnomish Mines, on level 4. You entered the dungeon 5453 turns ago. You had 377 experience points, 263 more were needed to attain level 7. Your score was 2013 before end-of-game adjustments. Basics: You had 0 out of 47 hit points. You had all 25 energy points (spell power). Your armor class was 6. Your wallet contained 17 zorkmids, and you had 138 more stashed away in your pack. Autopickup was on for '$' plus thrown. Final Characteristics: Your strength was 15 (limit:18/100). Your dexterity was 18 (limit:18). Your constitution was 17 (limit:18). Your intelligence was 9 (limit:18). Your wisdom was 9 (limit:18). Your charisma was 8 (limit:18). Final Status: You weren't hungry. You were burdened; movement was slightly slowed. You were wielding a dagger. You were skilled in dagger. Final Attributes: You were piously aligned. You were stealthy. You had teleport control. You were warded. You are dead. Miscellaneous: You never encountered a bones level. Total elapsed playing time was 2 hours, 56 minutes and 15 seconds. Major events: Turn 1: nurdglaw the chaotic female human Rogue entered the dungeon 1375: entered the Gnomish Mines 2003: attained the rank of Cutpurse (level 3) 4209: entered Sokoban 4681: completed 1st Sokoban level 5280: attained the rank of Rogue (level 6) 5453: killed by a gnome lord Vanquished creatures: a giant spider a gnome ruler a rope golem a rock mole a pony a violet fungus 4 gnome leaders a paper golem a giant ant a kitten a dwarf a homunculus a kobold leader a kobold shaman 2 rothes a centipede a giant bat 3 werejackals 3 iguanas an acid blob a gas spore 2 manes a large kobold a hobgoblin a giant rat a brown mold 2 yellow molds a green mold a red mold 3 gnomes 5 garter snakes a gnome zombie 3 geckos 5 jackals 2 foxes 3 kobolds 4 sewer rats 7 grid bugs 5 bats a lichen a kobold zombie 5 newts 84 creatures vanquished. No species were genocided or became extinct. Voluntary challenges: You read items or engraved 14 times. You engraved Elbereth 8 times. You never genocided any monsters. You never polymorphed an object. You never changed form. You used no wishes. You did not violate any of the special Sokoban rules. Achievements: You entered a shop. You entered the Gnomish Mines. You attained the rank of Cutpurse. You entered Sokoban. You attained the rank of Rogue. The Dungeons of Doom: levels 1 to 8 Level 1: Level 2: "vault" A fountain. Level 3: A general store, a fountain. Stairs down to The Gnomish Mines. Level 4: A grave. Level 5: "vault" A general store. Level 6: "Three daggers under boulder to NW of centre" Many fountains. Oracle of Delphi. Level 7: "vault" An altar, some fountains. Stairs up to Sokoban, level 6. Level 8: The Gnomish Mines: Level 4: <- You were here. Final resting place for you, killed by a gnome lord. Sokoban: levels 6 up to 5 Level 5: Unsolved. Level 6: Solved. Game over: ---------- / \ / REST \ / IN \ / PEACE \ / \ | nurdglaw | | 155 Au | | killed by a | | gnome lord | | | | | | 2024 | *| * * * | * _________)/\\_//(\/(/\)/\//\/|_)_______ Goodbye nurdglaw the Rogue... You died in The Gnomish Mines on dungeon level 4 with 1998 points, and 155 pieces of gold, after 5453 moves. You were level 6 with a maximum of 47 hit points when you died.